 Dungeon Crawl Stone Soup version 0.30-a0-177-g1cb5dbfd7a (webtiles) character file.

Game seed: 9116973464145625850

25677 jimonade the Eclecticist (level 13, -2/101 HPs)
             Began as a Djinni Fire Elementalist on Oct 2, 2022.
             Was a Priest of Ashenzari.
             Killed themself with a badly aimed concussive blast (4 damage)
             ... on level 5 of the Lair of Beasts.
             The game lasted 00:54:13 (16828 turns).

jimonade the Eclecticist (DjFE)                    Turns: 16828, Time: 00:54:14

Health: -2/101     AC: 16    Str: 11    XL:     13   Next: 52%
Gold:   2225       EV: 13    Int: 23    God:    Ashenzari [***...] SH:  0 Dex: 13

rFire   + + .      SeeInvis +    a - staff of conjuration
rCold   x . .      Faith    .    (no shield)
rNeg    + . .      Spirit   .    V - +4 ring mail of the All-Knowing {rPois Stlth+, Evo, Self} (curse)
rPois   ∞          Reflect  .    I - +0 helmet of Ashenzari's Fetters {Self, Fort} (curse)
rElec   .          Harm     .    B - scarf of Supernal Knowledge {repulsion, Fort, Self} (curse)
rCorr   .          Rampage  .    A - +1 pair of gloves of the Chained Disgust {Evo, Self} (curse)
Will    +....      Clarity  +    (boots unavailable)
Stlth   ++........               C - amulet of Ashenzari's Insecurity {rN+ Regen+ Str+4, Cun, Self} (curse)
HPRegen 1.16/turn                (no ring)
MPRegen 0.00/turn                R - +4 ring of protection

@: flying, studying Fighting, repel missiles
A: sickness immunity, fire resistance 2, cold vulnerability 1, float, innate
caster, HP casting, extra vitality 1
a: Renounce Religion, Shatter the Chains


You were on level 5 of the Lair of Beasts.
You worshipped Ashenzari.
Ashenzari was most pleased with you.
You visited 3 branches of the dungeon, and saw 16 of its levels.

You collected 2225 gold pieces.

Inventory:

Hand Weapons
 b - a +5 short sword
 c - a +2 vampiric scythe
 f - a +2 dagger of electrocution
 s - a +3 arbalest
 S - a +3 shortbow
Missiles
 F - a throwing net
 K - 6 curare-tipped darts
Armour
 q - a +1 ring mail of poison resistance
 x - +0 acid dragon scales
 A - the cursed +1 pair of gloves of the Chained Disgust (worn) {Evo, Self}
   (You found it on level 4 of the Dungeon)

   It has a curse which improves the following skills: Evocations: Evocations.
   Introspection: Fighting and Spellcasting.
 B - the cursed scarf of Supernal Knowledge (worn) {repulsion, Fort, Self}
   (You found it on level 1 of the Lair of Beasts)

   It has a curse which improves the following skills: Fortitude: Armour and
   Shields.
   Introspection: Fighting and Spellcasting.
 D - a +0 ring mail
 I - the cursed +0 helmet of Ashenzari's Fetters (worn) {Self, Fort}
   (You found it on level 5 of the Dungeon)

   It has a curse which improves the following skills: Introspection: Fighting
   and Spellcasting.
   Fortitude: Armour and Shields.
 O - a +1 robe of cold resistance
 Q - a +1 helmet of intelligence
 V - the cursed +4 ring mail of the All-Knowing (worn) {rPois Stlth+, Evo, Self}
   (You found it on level 4 of the Lair of Beasts)

   rPois:     It protects you from poison.
   Stlth:     It makes you more stealthy.
   It has a curse which improves the following skills: Evocations: Evocations.
   Introspection: Fighting and Spellcasting.
 X - a +2 pair of gloves
Magical Staves
 a - a staff of conjuration (weapon)
 G - a staff of death
Jewellery
 e - a ring of ice
 i - a ring of wizardry
 r - a ring of ice
 t - a ring of fire
 C - the cursed amulet of Ashenzari's Insecurity (around neck) {rN+ Regen+ Str+4, Cun, Self}
   (You acquired it on level 8 of the Dungeon)

   [amulet of regeneration]

   Str:       It affects your strength (+4).
   rN:        It protects you from negative energy.
   Regen:     It increases your rate of health regeneration.
   It has a curse which improves the following skills: Cunning: Dodging and
   Stealth.
   Introspection: Fighting and Spellcasting.
 R - a +4 ring of protection (right hand)
Wands
 p - a wand of polymorph (15)
 z - a wand of acid (12)
 L - a wand of roots (23)
 N - a wand of digging (1)
 P - a wand of mindburst (8)
 U - a wand of flame (34)
Scrolls
 d - 12 scrolls of teleportation
 g - 15 scrolls of identify
 h - 6 scrolls of fear
 k - a scroll of silence
 o - 3 scrolls of enchant armour
 u - 4 scrolls of enchant weapon
 v - a scroll of butterflies
 w - 5 scrolls of immolation
 y - 3 scrolls of poison
 H - 3 scrolls of magic mapping
 W - a scroll of brand weapon
 Y - a scroll of blinking
Potions
 j - 10 potions of ambrosia
 l - 6 potions of heal wounds
 m - 6 potions of curing
 n - 3 potions of cancellation
 E - 3 potions of haste
 J - 5 potions of lignification
 M - 3 potions of might
 T - 2 potions of brilliance
 Z - a potion of invisibility


   Skills:
 * Level 7.5(12.1) Fighting
 * Level 6.2(7.8) Dodging
 - Level 1.5(2.7) Stealth
 + Level 15.5(20.0) Spellcasting


You had 21 spell levels left.
You knew the following spells:

 Your Spells              Type           Power      Damage    Failure   Level
a - Foxfire               Conj/Fire      100%       2x1d9     0%          1
b - Scorch                Fire           100%       2d10      0%          2
c - Kindle Blastsparks    Fire/Tloc/Air  100%       2d18      0%          3
d - Inner Flame           Hex/Fire       86%        N/A       0%          3
e - Flame Wave            Conj/Fire      100%       2d21      0%          4
f - Summon Small Mammal   Summ           100%       N/A       0%          1
g - Momentum Strike       Conj/Tloc      100%       3d10      0%          2
h - Swiftness             Air            86%        N/A       0%          3
i - Summon Guardian Gole  Hex/Summ       86%        N/A       0%          3
j - Airstrike             Air            43%        2d(7-23)  0%          4
k - Lee's Rapid Deconstr  Erth           43%        3d22*     1%          5
Your spell library was empty.

Dungeon Overview and Level Annotations

Branches:
Dungeon (10/15)            Temple (1/1) D:5            Lair (5/5) D:8
 Shoals (0/4) Lair:3       Spider (0/4) Lair:2        Slime (0/5) Lair:4
    Orc (0/2) D:10

Altars:
Ashenzari
Cheibriados
Dithmenos
Elyvilon
Fedhas
Gozag
Hepliaklqana
Makhleb
Nemelex Xobeh
Okawaru
Qazlal
Ru
Trog
Uskayaw
Wu Jian
Xom
Yredelemnul
Zin
The Shining One
Jiyva

Shops:
D:6 (:[

Annotations:
D:5 2 transporters, Darkkill's ghost, novice DsWn
D:7 exclusion: downstairs
D:8 1 runed translucent door, sirJeffrey23's ghost, novice HOFi


Innate Abilities, Weirdness & Mutations

You are immune to sickness and miasma.
You are immune to poison.
Your flesh is very heat resistant. (rF++)
You are vulnerable to cold. (rC-)
You float through the air rather than walking.
You learn spells naturally, not from books.
Your magical power is your life essence.
You have superior vitality. (+4 MHP)


Message History

Confirm with . or Enter, or press ? or * to list all spells.
Aiming: Inner Flame (safe; 0% risk of failure)
Press: ? - help, Dir - move target, f/p - catoblepas
Aim: a catoblepas (chance to affect: 56%)
The catoblepas resists with significant effort.
The catoblepas breathes a plume of calcifying dust at you.
The blast of calcifying dust hits you.
You are engulfed in calcifying dust.
You are slowing down.
Your limbs are stiffening.
Casting: Inner Flame (safe; 0% risk of failure)
Confirm with . or Enter, or press ? or * to list all spells.
Aiming: Inner Flame (safe; 0% risk of failure)
Press: ? - help, Dir - move target, f/p - catoblepas
Aim: a catoblepas (calcifying dust, chance to affect: 56%)
The catoblepas is filled with an inner flame.
The catoblepas gores you!!
You have turned to stone.
The catoblepas gores you! The catoblepas gores you!! The catoblepas gores you!!
The polar bear growls angrily.
The komodo dragon bites you. The catoblepas gores you.
The komodo dragon bites you! The catoblepas gores you!
The komodo dragon bites you but does no damage.
The catoblepas gores you!!
The komodo dragon bites you but does no damage.
The catoblepas gores you!!
* * * LOW HITPOINT WARNING * * *
You turn to flesh and can move again.
Casting: Inner Flame (safe; 0% risk of failure)
Confirm with . or Enter, or press ? or * to list all spells.
A cloud of volatile blastsparks flares up around you!
* * * LOW HITPOINT WARNING * * *
The komodo dragon barely misses you. The catoblepas gores you!!
* * * LOW HITPOINT WARNING * * *
The cloud of blastsparks explodes!
The concussive blast engulfs the komodo dragon!
The komodo dragon is moderately wounded.
The concussive blast engulfs you. You resist.
You die...

..## ## ##..#, ..# ###
#.##...# ### ###.# #.P...#,
#####.#.# ###....#!..h. ,,
#...#..## #.#...## P.. ,
#......### ##.#.#.## * .
.........# #.......## *,,
.........########.......## ,
*
...........##...@lY........
.........#.##.....h.......#
.........####..............
..†.......###.............#*
*
...........................
...........................
,
.........P#................
, #.........................
*, , ###....................
, * , ,


You could see a catoblepas (inner flame), a polar bear and a komodo dragon.

Vanquished Creatures
  Gastronok (D:8)
  Fannar (Lair:3)
  A hydra (Lair:4)
  A boulder beetle (Lair:5)
  Pikel (D:8)
  Maurice (D:8)
  A manticore (Lair:3)
  A black mamba (Lair:4)
  A gargoyle (D:10)
  A demonic crawler (Lair:2)
  3 cane toads
  2 rime drakes (Lair:3)
  4 komodo dragons
  A troll (D:9)
  A polar bear (Lair:3)
  A queen bee (D:9)
  Prince Ribbit (D:8)
  A hornet (D:10)
  A wind drake (Lair:3)
  17 blink frogs
  Sigmund (D:4)
  A shadow (D:10)
  3 wyverns
  4 basilisks
  A wraith (D:10)
  29 yaks
  2 acid dragons
  15 water moccasins
  2 black bears (D:8)
  4 orc warriors
  4 ice beasts
  3 sky beasts (D:8)
  2 ogres (D:7)
  4 centaurs
  A phantom (D:6)
  4 lemures (D:8)
  18 bullfrogs
  2 kobold brigands
  3 scorpions
  A gnoll sergeant (D:8)
  2 necrophages
  5 wights (D:8)
  36 killer bees (D:9)
  An electric eel (D:6)
  3 howler monkeys
  2 gnoll boudas
  4 hounds
  4 orc priests
  A centaur skeleton (D:3)
  16 jellies
  Terence (D:2)
  An orc wizard (D:8)
  2 iguanas
  A hound skeleton (D:3)
  20 gnolls
  11 adders
  3 shadow imps
  2 white imps
  2 ufetubi (D:5)
  An adder zombie (D:3)
  2 worms (Lair:2)
  3 dart slugs
  27 orcs
  3 bats
  6 endoplasms
  5 giant cockroaches
  9 goblins
  8 hobgoblins
  9 jackals
  13 kobolds
  7 quokkas
  6 ball pythons
  A ball python zombie (D:3)
  5 frilled lizards
  8 rats
376 creatures vanquished.

Vanquished Creatures (collateral kills)
  13 foxfires
13 creatures vanquished.

Vanquished Creatures (others)
  A quokka (D:2)
  663 foxfires
  94 fungi
  81 plants
  A withered plant (D:3)
840 creatures vanquished.

Grand Total: 1229 creatures vanquished

Notes
Turn   | Place    | Note
-------+----------+-------------------------------------------
     0 | D:1      | jimonade the Djinni Fire Elementalist began the quest for
                  | the Orb.
     0 | D:1      | jimonade set off with the following spells memorised:
                  | Foxfire, Scorch, Kindle Blastsparks, Inner Flame, Flame
                  | Wave.
     0 | D:1      | Reached XP level 1. HP: 15/15 MP: 0/0
   163 | D:1      | Reached XP level 2. HP: 19/21 MP: 0/0
   196 | D:1      | Reached skill level 3 in Spellcasting
   323 | D:1      | Reached XP level 3. HP: 25/25 MP: 0/0
   323 | D:1      | Learned a level 1 spell: Summon Small Mammal
  1131 | D:2      | Reached XP level 4. HP: 27/31 MP: 0/0
  1250 | D:2      | Noticed Terence
  1255 | D:2      | Killed Terence
  1256 | D:2      | Reached skill level 4 in Spellcasting
  1256 | D:2      | Reached XP level 5. HP: 23/35 MP: 0/0
  1256 | D:2      | Learned a level 2 spell: Momentum Strike
  1524 | D:2      | Found a hazy altar of Hepliaklqana.
  2446 | D:3      | Reached XP level 6. HP: 39/40 MP: 0/0
  2450 | D:3      | Reached skill level 5 in Spellcasting
  2583 | D:3      | Found a faded altar of an unknown god.
  3509 | D:4      | Noticed Sigmund
  3524 | D:4      | Killed Sigmund
  3525 | D:4      | Reached skill level 6 in Spellcasting
  3525 | D:4      | Reached XP level 7. HP: 28/45 MP: 0/0
  3525 | D:4      | Learned a level 3 spell: Swiftness
  3648 | D:4      | You are sucked into a shaft and drop 3 floors!
  3741 | D:5      | Entered Level 5 of the Dungeon
  3741 | D:5      | Noticed a water moccasin
  3751 | D:5      | Killed a water moccasin
  3752 | D:5      | Reached XP level 8. HP: 32/50 MP: 0/0
  3900 | D:5      | Reached skill level 7 in Spellcasting
  3960 | D:5      | Found a stormy altar of Qazlal.
  4222 | D:5      | Found a glowing silver altar of Zin.
  4320 | D:5      | Noticed a hornet
  4357 | D:5      | Noticed Darkkill's ghost (novice DsWn)
  4413 | D:5      | Found a staircase to the Ecumenical Temple.
  4474 | D:5      | Found an opulent altar of Gozag.
  4508 | Temple   | Entered the Ecumenical Temple
  4623 | Temple   | Became a worshipper of Ashenzari the Shackled
  4836 | D:5      | Found a transporter.
  4836 | D:5      | Found a transporter.
  5381 | D:6      | Reached skill level 8 in Spellcasting
  5441 | D:6      | Found a glowing golden altar of the Shining One.
  5596 | D:6      | Reached XP level 9. HP: 51/55 MP: 0/0
  5596 | D:6      | Learned a level 3 spell: Summon Guardian Golem
  5642 | D:6      | Found Siev's Antique Armour Emporium.
  5646 | D:6      | Found Zipovau's Book Shop.
  5665 | D:6      | Found Qiely's Weapon Shop.
  6145 | D:7      | Reached skill level 9 in Spellcasting
  6278 | D:7      | Found a burning altar of Makhleb.
  6278 | D:7      | Found a snail-covered altar of Cheibriados.
  6278 | D:7      | Found a sparkling altar of Nemelex Xobeh.
  6280 | D:7      | Found an iron altar of Okawaru.
  7103 | D:8      | Noticed Prince Ribbit
  7174 | D:8      | Noticed Maurice
  7214 | D:8      | Reached skill level 10 in Spellcasting
  7589 | D:8      | Reached XP level 10. HP: 36/60 MP: 0/0
  7847 | D:8      | Reached skill level 11 in Spellcasting
  8255 | D:8      | Found a runed translucent door.
  8257 | D:8      | Found a shimmering altar of Xom.
  8257 | D:8      | Noticed a +3 mace of chaos
  8257 | D:8      | Noticed sirJeffrey23's ghost (novice HOFi)
  8274 | D:8      | Killed Prince Ribbit
  8428 | D:8      | Reached skill level 1 in Fighting
  8562 | D:8      | Noticed a komodo dragon
  8569 | D:8      | Killed a komodo dragon
  8724 | D:8      | Noticed Gastronok
  8736 | D:8      | Killed Gastronok
  8737 | D:8      | Reached skill level 12 in Spellcasting
  8737 | D:8      | Reached XP level 11. HP: 59/71 MP: 0/0
  8737 | D:8      | Learned a level 4 spell: Airstrike
  8791 | D:8      | Killed Maurice
  9157 | D:8      | Found a staircase to the Lair.
  9300 | D:8      | Found a blossoming altar of Fedhas.
  9655 | D:8      | Noticed Pikel
  9662 | D:8      | Killed Pikel
  9792 | D:8      | Found a staircase to the Lair.
  9874 | D:8      | Found a runed translucent door.
  9875 | D:8      | Found a shimmering altar of Xom.
  9891 | D:8      | Found a blossoming altar of Fedhas.
 10401 | D:9      | Found a hazy altar of Hepliaklqana.
 10706 | D:9      | Reached skill level 13 in Spellcasting
 11422 | D:9      | Found a shadowy altar of Dithmenos.
 11547 | D:8      | Reached * piety under Ashenzari
 11547 | D:8      | Identified a scroll of acquirement
 11548 | D:8      | Acquired the amulet of the Stallion {rN+ Regen+ Str+4}
 11965 | D:10     | Entered Level 10 of the Dungeon
 11975 | D:10     | Found a white marble altar of Elyvilon.
 12202 | D:10     | Reached ** piety under Ashenzari
 12273 | D:10     | Found a bloodstained altar of Trog.
 12360 | D:10     | Reached XP level 12. HP: 67/85 MP: 0/0
 12598 | D:10     | Found a staircase to the Orcish Mines.
 12682 | D:10     | Found a hide-covered altar of Uskayaw.
 12706 | D:10     | Reached skill level 5 in Fighting
 12942 | Lair:1   | Entered Level 1 of the Lair of Beasts
 13719 | Lair:2   | Reached skill level 14 in Spellcasting
 14012 | Lair:2   | Reached *** piety under Ashenzari
 14043 | Lair:2   | Acquired 1086 gold pieces
 14243 | Lair:2   | Found a hole to the Spider Nest.
 14913 | Lair:3   | Found a staircase to the Shoals.
 14976 | Lair:3   | Reached skill level 5 in Dodging
 15069 | Lair:3   | Reached XP level 13. HP: 71/97 MP: 0/0
 15069 | Lair:3   | Learned a level 5 spell: Lee's Rapid Deconstruction
 15077 | Lair:3   | Noticed Fannar
 15094 | Lair:3   | Killed Fannar
 15302 | Lair:3   | Reached skill level 15 in Spellcasting
 15810 | Lair:4   | Noticed a seven-headed hydra
 15835 | Lair:4   | Killed a seven-headed hydra
 16106 | Lair:4   | Identified the +4 ring mail "Tuklur" {rPois Stlth+}
 16124 | Lair:4   | Acquired a manual of Fighting
 16326 | Lair:4   | Found a staircase to the Slime Pits.
 16328 | Lair:4   | Found a viscous altar of Jiyva.
 16668 | Lair:5   | Entered Level 5 of the Lair of Beasts
 16807 | Lair:5   | Noticed a catoblepas
 16827 | Lair:5   | HP: 1/101 [catoblepas (25)]
 16828 | Lair:5   | Killed themself with a badly aimed concussive blast

Illustrated notes

Levels and vault maps discovered:
D:1:      tarquinn_simple_flora_water_e, layout_loops_cross,
          corexii_corridor_pit
D:2:      kennysheep_six_static_rooms, layout_loops_corners, basic_altar,
          minmay_misc_feat_rugged, uniq_terence
D:3:      layout_loops_ring, shapermc_ecumenical_altar_totnotflames,
          serial_undead, serial_undead_f, serial_undead_c, serial_undead_b,
          serial_undead_e
D:4:      layout_gridville, st_stairs_9, serial_bayou_lagoon_b, uniq_sigmund
D:5:      layout_loops_ring, pdpol_temple_overflow_zin_treasury_gozag_greed,
          nicolae_qazlal_general_emergency, minmay_temple_entry_antechambers,
          gammafunk_ghost_hive
D:6:      layout_basic, mainiacjoe_overflow_catwalk, nicolae_wooded_promenade
D:7:      layout_loops_corners, chequers_temple_overflow_statue_of_worship,
          supply_closet_lemuel
D:8:      layout_loops_cross, mainiacjoe_overflow_24_doors,
          due_lair_maze_entry_diamond, ebering_ghost_xom,
          minmay_alternating_orb, uniq_gastronok, uniq_prince_ribbit1,
          uniq_maurice, uniq_pikel
D:9:      layout_roguey, nicolae_hepliaklqana_hazy_memory,
          nicolae_dithmenos_shadow_blocks, special_room [special_room_bee]
D:10:     layout_long_grid, lemuel_tele_altar, lemuel_crystal_altar,
          kennysheep_mini, orc_0_dummy
Temple:   nicolae_temple_two_arcs
Lair:1:   layout_big_grid, st_stairs_3
Lair:2:   layout_chaotic_city, nicolae_spider_entry_non_spiders,
          eino_small_chamber_without_monster, fungi_pond_lemuel
Lair:3:   layout_loops_ring, minmay_shoals_entry_beasts, uniq_fannar
Lair:4:   layout_roguey, minmay_slime_entry_jelly_boxes, st_stairs_8
Lair:5:   evil_forest, layout_cave_pods, chequers_serial_rivers_room_b,
          nicolae_quartered_pool_impasse, grunt_megastairs_1, uniq_snorg

Skill      XL: |  1  2  3  4  5  6  7  8  9 10 11 12 13 |
---------------+----------------------------------------+-----
Spellcasting   | 3 4 6 8 10 12 13 14 15 | 15.5
Fighting       | 2 4 6 7 |  7.5
Dodging        | 5 6 |  6.2
Stealth        | |  1.5

Action                   |  1- 3 |  4- 6 |  7- 9 | 10-12 | 13-15 || total
-------------------------+-------+-------+-------+-------+-------++-------
Melee: Spear             |     1 |       |       |       |       ||     1
       Staff             |       |       |       |     1 |     1 ||     2
 Cast: Foxfire           |    36 |    60 |    56 |   198 |    74 ||   424
       Scorch            |    15 |    45 |    57 |   125 |    32 ||   274
       Momentum Strike   |       |     1 |       |       |       ||     1
       Flame Wave        |       |       |     1 |    10 |     3 ||    14
       Inner Flame       |       |       |    21 |   111 |    30 ||   162
       Kindle Blastspark |       |       |       |     4 |     8 ||    12
       Summon Small Mamm |       |       |       |     3 |       ||     3
       Airstrike         |       |       |       |     4 |     1 ||     5
Invok: Curse Item        |       |       |     1 |     3 |     1 ||     5
  Use: Scroll            |       |       |       |     2 |     1 ||     3
Armor: Robe              |       |     2 |     1 |       |       ||     3
       Leather armour    |       |       |     7 |    22 |       ||    29
       Acid dragon scale |       |       |       |    17 |     5 ||    22
       Ring mail         |       |       |       |       |     8 ||     8
Dodge: Dodged            |     4 |     6 |    15 |    60 |    16 ||   101

Table legend: (Time is in decaauts)
 A = Elapsed time spent in this place.
 B = Non-inter-level travel time spent in this place.
 C = Inter-level travel time spent in this place.
 D = Time resting spent in this place.
 E = Time spent auto-exploring this place.
 F = Levels seen in this place.
 G = Mean time per level.
                   A        B        C        D        E       F      G
               +--------+--------+--------+--------+--------+-----+--------+
         Total |  16856 |  15729 |   1127 |   1616 |  10892 |  16 | 1053.5 |
       Dungeon |  12850 |  11941 |    909 |   1327 |   8470 |  10 | 1285.0 |
        Temple |    124 |     94 |     30 |      0 |     88 |   1 |  124.0 |
          Lair |   3881 |   3694 |    187 |    289 |   2334 |   5 |  776.2 |
               +--------+--------+--------+--------+--------+-----+--------+

Top non-repeatable levels by time:
     D:8: 2758 daAuts
     D:7: 2080 daAuts
     D:2: 1327 daAuts
     D:9: 1315 daAuts
  Lair:2: 1052 daAuts
     D:3: 1041 daAuts
  Lair:4: 1008 daAuts
     D:5: 944 daAuts
     D:6: 934 daAuts
    D:10: 917 daAuts
  Lair:3: 877 daAuts
     D:4: 834 daAuts
  Lair:1: 782 daAuts
     D:1: 695 daAuts
  Lair:5: 160 daAuts
